 Dungeon Crawl Stone Soup version 0.31.0-32-g396128a36d (webtiles) character file.

Game seed: 14112881296994555576

24 Kaboulah the Shield-Bearer (level 2, 29/29 HPs)
             Began as a Troll Fighter on Mar 17, 2024.
             Quit the game on level 1 of the Dungeon.
             The game lasted 00:01:45 (417 turns).

Kaboulah the Shield-Bearer (Troll Fighter)           Turns: 417, Time: 00:01:45

Health: 29/29      AC:  4    Str: 23    XL:     2   Next: 79%
Magic:  1/1        EV:  8    Int:  4    God:
Gold:   14         SH:  7    Dex:  9    Spells: 1/1 levels left

rFire   . .          .
                       - Unarmed
rCold   . . .        b - +0 kite shield
rNeg    . . .        a - +0 robe
rPois   .            (helmet restricted)
rElec   .            (no cloak)
rCorr   .            (gloves unavailable)
SInv    .            (boots unavailable)
Will    .....        (no amulet)
Stlth   +            (no ring)
HPRegen 1.04/turn    (no ring)
MPRegen 0.07/turn

%: no passive effects
@: no status effects
A: large, unfitting armour, claws 3, regeneration 1, shaggy fur 1, tough skin 1
a: no special abilities


You were on level 1 of the Dungeon.
You visited 1 branch of the dungeon, and saw 1 of its levels.

You collected 14 gold pieces.

Inventory:

Armour
 a - a +0 robe (worn)
 b - a +0 kite shield (worn)
Scrolls
 d - a scroll of identify {unknown}
 e - a scroll of brand weapon {unknown}
Potions
 c - 2 potions of might


   Skills:
 + Level 2.6 Fighting
 + Level 2.6 Dodging
 + Level 3.0 Shields
 + Level 2.3 Unarmed Combat


You had one spell level left.
You didn't know any spells.
Your spell library contained the following spells:

 Spells                   Type           Power      Damage    Failure   Level
 Sting                    Conj/Alch      0%         1d3       77%         1
 Mercury Vapours          Alch/Air       0%         N/A       88%         2
 Olgreb's Toxic Radiance  Alch           0%         N/A       100%        4


Dungeon Overview and Level Annotations

Branches:
Dungeon (1/15)

Altars:


Innate Abilities, Weirdness & Mutations

You are too large for most types of armour.
You have claws for hands.
Your natural rate of healing is unusually fast.
You are covered in fur. (AC +1)
You have tough skin. (AC +1)


Message History

You scratch the rat.
You kill the rat!
Your Shields skill increases to level 3!
e - a scroll labelled LORICV VONG You open the door.
There is an open door here.
There is an open door here.
You now have 14 gold pieces (gained 8).
A jackal comes into view.
A jackal comes into view.
The jackal barks!
A jackal comes into view.
You barely miss the jackal.
The jackal barks!
You block the jackal's attack. The jackal closely misses you.
You completely miss the jackal.
The jackal bites you but does no damage.
You barely miss the jackal. You block the jackal's attack.
You closely miss the jackal. The jackal barely misses you.
You barely miss the jackal.
The jackal bites you but does no damage. x2
You claw the jackal!
You kill the jackal!
The jackal closely misses you.
You scratch the jackal.
The jackal is moderately wounded.
The jackal bites you but does no damage.
You closely miss the jackal.
The jackal is moderately wounded.
The jackal closely misses you. You block the jackal's attack.
You closely miss the jackal. You block the jackal's attack.
You claw the jackal!
You kill the jackal!
The jackal bites you.
You claw the jackal!
You kill the jackal!
No target in view!
Unknown command.
Are you sure you want to abandon this character and quit the game? (Confirm with "yes".)

.......###########
.................#
################.#
# #.# # #.# # #.#
# #.# # #.# # #@#
# #†# #
#........... #
#....#######
#....# #....#
#....# #.....
#.####


There were no monsters in sight!

Vanquished Creatures
  2 ball pythons (D:1)
  3 endoplasms (D:1)
  A giant cockroach (D:1)
  A goblin (D:1)
  4 hobgoblins (D:1)
  3 jackals (D:1)
  A bat (D:1)
  2 frilled lizards (D:1)
  A kobold (D:1)
  3 rats (D:1)
21 creatures vanquished.

Notes
Turn   | Place    | Note
-------+----------+-------------------------------------------
     0 | D:1      | Kaboulah the Troll Fighter began the quest for the Orb.
     0 | D:1      | Reached XP level 1. HP: 22/22 MP: 0/0
    86 | D:1      | Reached XP level 2. HP: 29/29 MP: 1/1
   314 | D:1      | Reached skill level 3 in Shields
   417 | D:1      | Quit the game

Illustrated notes

Levels and vault maps discovered:
D:1:      dpeg_arrival_round_c, layout_basic

Skill      XL: |  1  2 |
---------------+-------+-----
Shields        | 3 |  3.0
Fighting       | |  2.6
Dodging        | |  2.6
Unarmed Combat | |  2.3

Action                     || total
---------------------------++-------
  Melee: Unarmed           ||    52
   Stab: Sleeping          ||     3
 Armour: Robe              ||    24
  Dodge: Dodged            ||    14
  Block: Kite shield       ||    16
